 Dungeon Crawl Stone Soup version 0.28-a0-851-g8b9cc49659 (webtiles) character file.

Game seed: 16477775161720456268

30 avis the Insei (level 3, 0/28 HPs)
             Began as a Barachi Transmuter on Nov 14, 2021.
             Slain by a goblin (3 damage)
             ... on level 3 of the Dungeon.
             The game lasted 00:06:15 (1752 turns).

avis the Insei (Barachi Transmuter)                 Turns: 1752, Time: 00:06:16

Health: 0/28       AC:  2    Str: 12    XL:     3   Next: 20%
Magic:  6/6        EV: 12    Int: 13    God:
Gold:   120        SH:  0    Dex: 12    Spells: 5/6 levels left

rFire   . . .      SeeInvis .     - Unarmed
rCold   . . .      Faith    .   (no shield)
rNeg    . . .      Spirit   .   a - +0 robe
rPois   .          Reflect  .   (helmet currently unavailable)
rElec   .          Harm     .   (no cloak)
rCorr   .          Rampage  .   (no gloves)
Will    .....                   (boots currently unavailable)
Stlth   +.........              (no amulet)
HPRegen 0.09/turn               b - ring of flight
MPRegen 0.10/turn               d - ring of wizardry

@: appendages (expiring), flying, slow
A: horns 2, talons 2, amphibious, slowness 1, strong legs 1, +LOS
a: Hop, End Transformation


You were on level 3 of the Dungeon.
You had temporarily grown beastly horns and talons.
You visited 1 branch of the dungeon, and saw 3 of its levels.

You collected 120 gold pieces.

Inventory:

Missiles
 e - 5 stones
 f - 80 arrows
Armour
 a - a +0 robe (worn)
Jewellery
 b - a ring of flight (left hand)
 d - a ring of wizardry (right hand)
 g - a +6 ring of strength
Scrolls
 j - a scroll of identify {unknown}
Potions
 c - 2 potions of heal wounds {unknown}
 h - 3 potions of curing {unknown}
 i - a potion of attraction {unknown}
 k - a potion of degeneration {unknown}


   Skills:
 * Level 2.8 Fighting
 - Level 2.1 Dodging
 - Level 4.0 Unarmed Combat
 - Level 2.1 Spellcasting
 - Level 2.1 Transmutations


You had 5 spell levels left.
You knew the following spells:

 Your Spells              Type           Power      Damage    Failure   Level
a - Beastly Appendage     Tmut           14%        N/A       4%          1

Your spell library contained the following spells:

 Spells                   Type           Power      Damage    Failure   Level
 Wereblood                Tmut           7%         N/A       6%          2
 Spider Form              Tmut/Pois      4%         N/A       19%         3
 Ice Form                 Ice/Tmut       4%         N/A       52%         4


Dungeon Overview and Level Annotations

Branches:
Dungeon (3/15)

Altars:
Fedhas

Annotations:
D:3 Ijyb


Innate Abilities, Weirdness & Mutations

You have temporarily grown beastly horns and talons.
You are amphibious.
You cover ground slowly.
You can hop short distances.
You have an extended range of vision and can be seen from far away.


Message History

You fly downwards.
Found 4 gold pieces.
There is a stone staircase leading up here.
Found a book of the Hunter.
Ijyb shouts!
You hear a shout! x2
A goblin comes into view. It is wielding a +0 dagger.
A goblin comes into view. It is wielding a +0 club.
Ijyb zaps a wand.
The mass of ice explodes!
The iceblast engulfs you!!
Ouch! That really hurt!
You hear a shout!
A rat comes into view.
Your transformation is almost over.
Ijyb barely misses you.
Casting: Beastly Appendage (safe; 4% risk of failure)
Confirm with . or Enter, or press ? or * to list all spells.
Okay, then.
You hit Ijyb but do no damage. You claw Ijyb, but do no damage.
You headbutt Ijyb, but do no damage. Ijyb hits you with a +0 dagger.
* * * LOW HITPOINT WARNING * * *
You punch Ijyb!
Ijyb is moderately wounded.
Ijyb hits you with a +0 dagger.
* * * LOW HITPOINT WARNING * * *
You hit Ijyb but do no damage. You claw Ijyb. Your headbutt misses Ijyb.
Ijyb is heavily wounded.
Ijyb hits you but does no damage.
You closely miss Ijyb. You headbutt Ijyb, but do no damage.
Ijyb is heavily wounded.
The rat bites you.
* * * LOW HITPOINT WARNING * * *
Ijyb barely misses you.
You hit Ijyb.
Ijyb is severely wounded.
The goblin hits you with a +0 dagger.
* * * LOW HITPOINT WARNING * * *
The rat closely misses you. Ijyb closely misses you.
You closely miss Ijyb.
Ijyb is severely wounded.
The goblin hits you with a +0 dagger.
You die...

.#.# ... .#.# . ..
...###. ... ......
#.# ....# #.#
....##..
#####.##........
..#......gr.......
.........@g..###.
#..#.###..#g.......
#................
.#.##.###..#........
.....$..<...........
.#.######...........
..........:.
###..#...#..#
...........


You could see Ijyb, 2 goblins and a rat.

Vanquished Creatures
  3 ball pythons
  3 endoplasms
  A giant cockroach (D:1)
  6 goblins
  A hobgoblin (D:2)
  A kobold (D:1)
  A quokka (D:2)
  4 bats
  A frilled lizard (D:2)
  5 rats
26 creatures vanquished.

Notes
Turn   | Place    | Note
-------+----------+-------------------------------------------
     0 | D:1      | avis the Barachi Transmuter began the quest for the Orb.
     0 | D:1      | Reached XP level 1. HP: 15/15 MP: 3/3
   329 | D:1      | Reached XP level 2. HP: 21/21 MP: 3/5
   499 | D:1      | Reached skill level 4 in Unarmed Combat
  1051 | D:2      | Found a blossoming altar of Fedhas.
  1193 | D:2      | Reached XP level 3. HP: 26/28 MP: 4/6
  1742 | D:3      | Noticed Ijyb
  1752 | D:3      | Slain by a goblin

Illustrated notes

Levels and vault maps discovered:
D:1:      shiori_arrival_maze, layout_loops_ring
D:2:      layout_basic, basic_altar, minmay_pentomino_s2
D:3:      layout_basic, dreamdust_ecumenical_altar_grove, uniq_sigmund,
          uniq_ijyb, uniq_terence

Skill      XL: |  1  2 |
---------------+-------+-----
Unarmed Combat | 4 |  4.0
Fighting       | 2 |  2.8
Dodging        | |  2.1
Spellcasting   | |  2.1
Transmutations | |  2.1

Action                   || total
-------------------------++-------
Melee: Unarmed           ||    57
       Kick              ||    12
       Headbutt          ||     5
       Punch             ||     1
 Cast: Beastly Appendage ||    25
Armor: Robe              ||     9
Dodge: Dodged            ||    35

Table legend: (Time is in decaauts)
 A = Elapsed time spent in this place.
 B = Non-inter-level travel time spent in this place.
 C = Inter-level travel time spent in this place.
 D = Time resting spent in this place.
 E = Time spent auto-exploring this place.
 F = Levels seen in this place.
 G = Mean time per level.
                   A        B        C        D        E       F      G
               +--------+--------+--------+--------+--------+-----+--------+
         Total |   1998 |   1791 |    207 |    311 |   1191 |   3 |  666.0 |
       Dungeon |   1998 |   1791 |    207 |    311 |   1191 |   3 |  666.0 |
               +--------+--------+--------+--------+--------+-----+--------+

Top non-repeatable levels by time:
     D:1: 1009 daAuts
     D:2: 973 daAuts
     D:3: 15 daAuts
